 Dungeon Crawl Stone Soup version 0.31-a0-222-gefeffbb62a (webtiles) character file.

Game seed: 16048408120145272605

51 qw the Shooter (level 3, -2/29 HPs)
             Began as a Minotaur Hexslinger on July 4, 2023.
             Slain by a goblin
             ... wielding a +0 dagger
             ... led by Robin
              (3 damage)
             ... on level 2 of the Dungeon.
             The game lasted 00:00:27 (833 turns).

qw the Shooter (Minotaur Hexslinger)                 Turns: 833, Time: 00:00:28

Health: -2/29      AC:  5    Str: 12    XL:     3   Next: 57%
Magic:  3/3        EV: 11    Int: 10    God:
Gold:   42         SH:  0    Dex: 14    Spells: 3/4 levels left

rFire   . . .        Y - +1 sling
rCold   . . .        (no shield)
rNeg    . . .        g - +0 ring mail
rPois   .            (helmet restricted)
rElec   .            (no cloak)
rCorr   .            (no gloves)
SInv    .            (no boots)
Will    .....        (no amulet)
Stlth   +            (no ring)
HPRegen 0.24/turn    (no ring)
MPRegen 0.08/turn

%: no passive effects
@: no status effects
A: horns 2, retaliatory headbutt
a: no special abilities


You were on level 2 of the Dungeon.
You visited 1 branch of the dungeon, and saw 2 of its levels.

You collected 42 gold pieces.


Innate Abilities, Weirdness & Mutations

You have a pair of horns on your head.
You reflexively headbutt those who attack you in melee.


   Skills:
 - Level 2.0 Fighting
 - Level 4.0 Ranged Weapons
 + Level 0.7 Armour
 - Level 2.1 Dodging
 - Level 1.0 Spellcasting
 - Level 2.0 Hexes


You had 3 spell levels left.
You knew the following spells:

 Your Spells              Type           Power      Damage    Failure   Level
a - Slow                  Hex            16%        N/A       34%         1

Your spell library contained the following spells:

 Spells                   Type           Power      Damage    Failure   Level
 Inner Flame              Hex/Fire       2%         N/A       83%         3
 Portal Projectile        Hex/Tloc       4%         N/A       83%         3
 Cause Fear               Hex            2%         N/A       98%         4

Inventory:

Hand Weapons
 Y - a +1 sling (weapon)
Armour
 f - a +2 pair of gloves
 g - a +0 ring mail (worn)
Scrolls
 b - a scroll of vulnerability {unknown}
 c - a scroll of fear {unknown}
Potions
 a - a potion of might {unknown}
 d - a potion of lignification {unknown}
 e - a potion of enlightenment {unknown}
 h - 2 potions of degeneration {unknown}

Dungeon Overview and Level Annotations

Branches:
Dungeon (2/15)

Altars:

Annotations:
D:2 Robin


Message History

The goblin hits you with a +0 club. The goblin closely misses you.
The goblin barely misses you. You furiously retaliate!
You headbutt the goblin!
You kill the goblin!
Your Ranged Weapons skill increases to level 4!
You shoot a sling bullet. The sling bullet hits the goblin.
You kill the goblin!
The goblin misses you. You furiously retaliate!
You headbutt the goblin!
You kill the goblin!
The goblin closely misses you. The goblin misses you. x2
The hobgoblin closely misses you.
You shoot a sling bullet.
The sling bullet barely misses the hobgoblin.
The hobgoblin closely misses you. The goblin hits you but does no damage.
The goblin hits you with a +0 club.
You shoot a sling bullet.
The sling bullet closely misses the hobgoblin.
The sling bullet hits Robin.
Robin is lightly wounded.
The goblin barely misses you. The goblin misses you. You furiously retaliate!
You headbutt the goblin.
You kill the goblin!
The hobgoblin misses you. You furiously retaliate!
You headbutt the hobgoblin. The goblin hits you with a +0 dagger.
The goblin closely misses you.
You shoot a sling bullet.
The sling bullet barely misses the hobgoblin.
The sling bullet barely misses Robin.
The goblin hits you with a +0 dagger.
Robin points. "Kill!"
The goblin barely misses you.
You shoot a sling bullet. The sling bullet hits the hobgoblin.
You kill the hobgoblin!
Robin throws the goblin at you! The hobgoblin hits you. The goblin misses you.
The goblin hits you with a +0 club. x2
You shoot a sling bullet.
The sling bullet closely misses the hobgoblin.
The sling bullet hits Robin.
Robin is moderately wounded.
The hobgoblin no longer looks unusually strong.
The goblin closely misses you. The goblin hits you with a +0 dagger.
You die...

#.###############
##. #....# ##.#
#. ####.# .....
#. ###.####.....
## #............
# #............ #
#............ #
####+#g##..... #
#....g@# .... #
#....gggg...#.
...
#.......g.....
###
####.#.#.#.#.. #
#..........
#.#.#.#.#..
#...$......
#.#.#.#.#..


You could see Robin, a hobgoblin and 5 goblins.

Vanquished Creatures
  An adder (D:2)
  A dart slug (D:1)
  4 ball pythons (D:1)
  2 endoplasms
  2 giant cockroaches (D:1)
  8 goblins
  5 hobgoblins
  2 quokkas
  2 bats (D:2)
  3 frilled lizards
  5 kobolds
  A rat (D:1)
36 creatures vanquished.

Notes
Turn   | Place    | Note
-------+----------+-------------------------------------------
     0 | D:1      | qw the Minotaur Hexslinger began the quest for the Orb.
     0 | D:1      | Reached XP level 1. HP: 16/16 MP: 1/1
     0 | D:1      | 0 ||| qw: Version: 0.3-a-46-gb1f654a
     0 | D:1      | 0 ||| qw: Game counter: 884
     0 | D:1      | 0 ||| qw: Melee chars always use a shield: true
     0 | D:1      | 0 ||| qw: God list: Okawaru
     0 | D:1      | 0 ||| qw: Allow faded altars: false
     0 | D:1      | 0 ||| qw: Do Orc after clearing Dungeon:15 true
     0 | D:1      | 0 ||| qw: Do second Lair branch before Depths: true
     0 | D:1      | 0 ||| qw: Lair rune preference: random
     0 | D:1      | 0 ||| qw: Goals: Normal
     0 | D:1      | 0 ||| PLANNING D:1-11
    67 | D:1      | Reached skill level 3 in Ranged Weapons
    67 | D:1      | Reached XP level 2. HP: 17/23 MP: 2/2
   488 | D:1      | 488 ||| UPGRADING to +0 ring mail.
   498 | D:1      | 498 ||| DROPPING +0 robe.
   499 | D:1      | 499 ||| READING scroll labelled KEANYUTOZO.
   500 | D:1      | 500 ||| READING scroll labelled HUSYAS PADUIN.
   501 | D:1      | 501 ||| DROPPING scroll of poison.
   597 | D:2      | Reached XP level 3. HP: 10/29 MP: 3/3
   821 | D:2      | Noticed Robin
   828 | D:2      | Reached skill level 4 in Ranged Weapons
   832 | D:2      | HP: 6/29 [goblin/+0 club[Robin] (3)]
   832 | D:2      | HP: 1/29 [goblin/+0 club[Robin] (5)]
   833 | D:2      | Slain by a goblin

Levels and vault maps discovered:
D:1:      minmay_arrival_shattered_statue, layout_rooms
D:2:      layout_basic, serial_glass, glass_columns_c, glass_columns_c,
          minmay_strange_pillars, kennysheep_decorative_pillar,
          dreamdust_princess_corridor, chequers_serial_rivers_room_a, uniq_robin

Skill      XL: |  1  2  3 |
---------------+----------+-----
Ranged Weapons | 3 4 |  4.0
Fighting       | 2 |  2.0
Armour         | |  0.7
Dodging        | |  2.1
Spellcasting   | |  1.0
Hexes          | |  2.0

Action                     || total
---------------------------++-------
   Fire: Sling             ||   114
    Use: Scroll            ||     2
 Armour: Robe              ||     2
         Ring mail         ||    17
  Dodge: Dodged            ||    43

Table legend:
 A = Non-vault XP
 B = Vault XP
 C = Vault XP percentage of total XP
 D = Non-vault monster count
 E = Vault monster count
 F = Vault count percentage of total count
                 A         B        C        D         E       F
            +---------+---------+-------+---------+---------+-------
      Total |      64 |       9 |  12.3 |      31 |       5 |  13.9
            +---------+---------+-------+---------+---------+-------
        D:1 |      37 |       0 |   0.0 |      21 |       0 |   0.0
        D:2 |      27 |       9 |  25.0 |      10 |       5 |  33.3
            +---------+---------+-------+---------+---------+-------
